 Dungeon Crawl Stone Soup version 0.20.1 (webtiles) character file.

347 dvd the Chopper (level 6, -5/51 HPs)
             Began as a Minotaur Skald on July 2, 2017.
             Killed by nerve-wracking pain
             ... invoked by an orc priest
              (11 damage)
             ... on level 3 of the Dungeon.
             The game lasted 00:07:23 (2446 turns).

dvd the Chopper (Minotaur Skald)                    Turns: 2446, Time: 00:07:24

Health: -5/51      AC:  4    Str: 15    XL:     6   Next: 32%
Magic:  8/8        EV: 12    Int: 11    God:
Gold:   127        SH:  0    Dex: 11    Spells: 3/9 levels left

rFire    . . .     SeeInvis .   b - +1 spear (pierce)
rCold    . . .     Gourm    .   (no shield)
rNeg     . . .     Faith    .   e - +0 leather armour
rPois    .         Spirit   .   (helmet restricted)
rElec    .         Reflect  .   (no cloak)
rCorr    .         Harm     .   j - +0 pair of gloves
MR       .....                  (no boots)
Stlth    +.........             (no amulet)
Regen    0.2/turn               (no ring)
MPRegen  0.2/turn               (no ring)

@: no status effects
A: retaliatory headbutt, horns 2
a: no special abilities


You were on level 3 of the Dungeon.
You were not hungry.

You visited 1 branch of the dungeon, and saw 3 of its levels.

You collected 127 gold pieces.

Inventory:

Hand Weapons
 a - a +0 hand axe
 b - a +1 spear of piercing (weapon)
 o - a +2 vampiric scythe
Armour
 e - a +0 leather armour (worn)
 j - a +0 pair of gloves (worn)
 B - a +2 shield
Jewellery
 m - an uncursed amulet of faith
Wands
 u - a wand of digging (8/24)
Scrolls
 g - 3 scrolls of remove curse {unknown}
 i - 2 scrolls of identify {unknown}
 n - a scroll of blinking {unknown}
 r - a scroll of noise {unknown}
 y - a scroll of magic mapping {unknown}
 z - a scroll of teleportation {unknown}
 A - a scroll of recharging {unknown}
Potions
 f - a potion of curing
 h - a potion of cancellation {unknown}
 l - a potion of haste {unknown}
 p - a potion of heal wounds {unknown}
 q - a potion of ambrosia {unknown}
 t - a potion of might {unknown}
 v - a potion of magic {unknown}
 w - 2 potions of invisibility {unknown}
Books
 c - a book of Battle

   Spells                             Type                      Level
   a - Infusion                       Charms                       1
   b - Shroud of Golubria             Charms/Translocation         2
   c - Song of Slaying                Charms                       2
   d - Spectral Weapon                Hexes/Charms                 3
   e - Regeneration                   Charms/Necromancy            3
Comestibles
 d - 4 bread rations
 k - 3 meat rations
 s - a royal jelly
 x - 2 chunks of flesh


   Skills:
 + Level 3.4 Fighting
 + Level 3.6(3.9) Axes
 + Level 2.0(3.1) Polearms
 + Level 2.5 Armour
 + Level 3.3 Dodging
 + Level 0.5 Stealth
 + Level 2.1 Spellcasting
 + Level 2.8 Charms
 + Level 1.0 Translocations


You had 3 spell levels left.
You knew the following spells:

 Your Spells              Type           Power        Failure   Level  Hunger
a - Infusion              Chrm           #...         11%         1    ##.....
b - Shroud of Golubria    Chrm/Tloc      #.........   24%         2    ###....
c - Regeneration          Chrm/Necr      #.........   52%         3    ####...


Dungeon Overview and Level Annotations

Branches:
Dungeon (3/15)

Altars:


Innate Abilities, Weirdness & Mutations

You reflexively headbutt those who attack you in melee.
You have a pair of horns on your head.


Message History

* * * LOW HITPOINT WARNING * * *
Unknown command.
You hit the orc priest but do no damage.
Your headbutt misses the orc priest. You closely miss something.
The orc priest misses you. Something barely misses you.
Wield which item (- for none, * to show all)? (? for menu, Esc to quit)
b - a +1 spear of piercing (weapon)
The orc priest hits you but does no damage.
You hit the orc priest.
The orc priest is lightly wounded.
Something hits you but does no damage.
The orc priest hits you but does no damage.
Some of the chunks of flesh in your inventory have rotted away.
You barely miss the orc priest.
The orc priest is lightly wounded.
Something hits you.
* * * LOW HITPOINT WARNING * * *
The orc priest calls down the wrath of Beogh upon you.
Pain shoots through your body!
You die...

.... ... #.# ... #.#
##'## #.# ##..o##
#.# ##.....## #.#
##.......## ##.####
#......?..####.o...#
+...[.....'...[@...#
#.........####†....#
##.......## #.[##.#
##.....## #..# # #
##...## #....
######'## ##.###
.......# #.#
######.# #.# # ##.##
#.#


You could see an orc priest.

Vanquished Creatures
  Sigmund (D:2)
  Terence (D:2)
  Robin (D:2)
  3 adders
  3 gnolls (D:2)
  2 oozes
  A worm (D:3)
  3 dart slugs
  A leopard gecko (D:1)
  3 orcs (D:3)
  5 giant cockroaches
  14 goblins
  11 hobgoblins
  4 jackals (D:1)
  7 kobolds
  6 bats
  4 frilled lizards
  9 rats
79 creatures vanquished.

Notes
Turn   | Place    | Note
-------+----------+-------------------------------------------
     0 | D:1      | dvd the Minotaur Skald began the quest for the Orb.
     0 | D:1      | Reached XP level 1. HP: 18/18 MP: 1/1
    40 | D:1      | Reached XP level 2. HP: 21/25 MP: 0/3
   271 | D:1      | Learned a level 2 spell: Shroud of Golubria
   321 | D:1      | Reached XP level 3. HP: 22/30 MP: 4/4
  1084 | D:2      | Reached XP level 4. HP: 18/38 MP: 2/5
  1331 | D:2      | Noticed Robin
  1348 | D:2      | Killed Robin
  1452 | D:2      | Noticed Terence
  1470 | D:2      | Killed Terence
  1470 | D:2      | Reached XP level 5. HP: 45/45 MP: 3/6
  1680 | D:2      | Noticed Sigmund
  1696 | D:2      | Killed Sigmund
  1696 | D:2      | Reached skill level 1 in Polearms
  1696 | D:2      | Reached skill level 1 in Translocations
  1696 | D:2      | Reached XP level 6. HP: 11/51 MP: 5/8
  1964 | D:2      | Learned a level 3 spell: Regeneration
  2441 | D:3      | HP: 2/51 [something (4)]
  2446 | D:3      | Killed from afar by an orc priest

Skill      XL: |  1  2  3  4  5  6 |
---------------+-------------------+-----
Axes           | 3 |  3.6
Fighting       | 3 |  3.4
Polearms       | 1 2 |  2.0
Armour         | 2 |  2.5
Dodging        | 3 |  3.3
Spellcasting   | 2 |  2.1
Translocations | 1 |  1.0
Stealth        | |  0.5
Charms         | |  2.8

Action                   |  1- 3 |  4- 6 || total
-------------------------+-------+-------++-------
Melee: Hand axe          |    39 |     4 ||    43
       Spear             |    36 |   126 ||   162
       Headbutt          |     8 |    22 ||    30
 Cast: Infusion          |     2 |       ||     2
       Shroud of Golubri |     5 |    12 ||    17
  Use: Potion            |       |     2 ||     2
 Stab: Sleeping          |       |     2 ||     2
  Eat: Chunk             |       |     7 ||     7
Armor: Leather armour    |    28 |    31 ||    59
Dodge: Dodged            |    60 |    77 ||   137
